 Dungeon Crawl Stone Soup version 0.30.1-4-g462c640d31 (webtiles) character file.

Game seed: 5982933270303522495

30 jpeg9000 the Gusty (level 3, -2/27 HPs)
             Began as a Draconian Air Elementalist on Aug 17, 2023.
             Slain by a gnoll
             ... wielding a +1 flail of protection
              (10 damage)
             ... on level 2 of the Dungeon.
             The game lasted 00:16:55 (716 turns).

jpeg9000 the Gusty (Draconian Air Elementalist)      Turns: 716, Time: 00:16:56

Health: -2/27      AC:  5    Str: 10    XL:     3   Next: 3%
Magic:  4/6        EV: 12    Int: 17    God:
Gold:   21         SH:  0    Dex: 11    Spells: 5/6 levels left

rFire   . . .        c - +0 dagger
rCold   . . .        (no shield)
rNeg    . . .        (body armour unavailable)
rPois   .            (helmet restricted)
rElec   .            (no cloak)
rCorr   .            (no gloves)
SInv    .            (no boots)
Will    .....        (no amulet)
Stlth   ++           (no ring)
HPRegen 0.24/turn    (no ring)
MPRegen 0.10/turn

%: no passive effects
@: no status effects
A: AC +5, unfitting armour, cold-blooded
a: no special abilities


You were on level 2 of the Dungeon.
You visited 1 branch of the dungeon, and saw 2 of its levels.

You collected 21 gold pieces.

Inventory:

Hand Weapons
 c - a +0 dagger (weapon)
Scrolls
 d - a scroll of teleportation {unknown}
Potions
 e - a potion of invisibility {unknown}


   Skills:
 + Level 0.4 Fighting
 + Level 0.2 Short Blades
 + Level 1.8 Dodging
 + Level 1.9 Stealth
 + Level 2.3 Spellcasting
 + Level 1.3 Conjurations
 + Level 3.5 Air Magic


You had 5 spell levels left.
You knew the following spells:

 Your Spells              Type           Power      Damage    Failure   Level
a - Shock                 Conj/Air       40%        1d5       7%          1

Your spell library contained the following spells:

 Spells                   Type           Power      Damage    Failure   Level
 Static Discharge         Conj/Air       20%        2-3/arc   11%         2
 Swiftness                Air            14%        N/A       13%         3
 Airstrike                Air            7%         2d(1-17)  41%         4


Dungeon Overview and Level Annotations

Branches:
Dungeon (2/15)

Altars:


Innate Abilities, Weirdness & Mutations

Your plain brown scales are hard. (AC +5)
You cannot fit into any form of body armour.
You are cold-blooded and may be slowed by cold attacks.


Message History

The gnoll shouts!
The adder barely misses you.
Unknown command.
Unknown command.
Aiming: Shock (safe; 9% risk of failure)
Press: ? - help, Q - select action Shift-Dir - straight line, f/p - adder
Aim: an adder (severely wounded, 48% to hit)
The zap misses the adder.
The zap hits the hobgoblin.
You kill the hobgoblin!
The zap hits the hobgoblin.
You kill the hobgoblin!
The adder bites you but does no damage. The gnoll closely misses you.
Unknown command.
Unknown command.
Aiming: Shock (safe; 9% risk of failure)
Press: ? - help, Q - select action Shift-Dir - straight line, f/p - adder
Aim: an adder (severely wounded, 48% to hit)
The zap hits the adder.
You kill the adder!
The gnoll misses you.
You have reached level 3!
Your experience leads to an increase in your attributes!
Increase (S)trength, (I)ntelligence, or (D)exterity?
Uppercase letters only, please.
You feel clever. x2; Your scales feel tougher.
You see here a hobgoblin corpse.
You see here a +0 spear.
You see here a +0 whip.
Things that are here:
a +0 club; a goblin corpse
Things that are here:
a +0 club; a goblin corpse You see here a +0 whip.
The gnoll barely misses you. The gnoll hits you but does no damage.
You see here a +0 spear.
You hit the gnoll but do no damage.
Your tail-slap misses the gnoll.
The gnoll closely misses you. The gnoll misses you.
You hit the gnoll but do no damage.
The gnoll hits you with a +1 flail of protection!
You die...

......>..######.
#..####.##......
#. #........$.
#..##.#.##..##.
...........##
.#....##..##
##..#....#
........########
.#.......))@g†..#
..........g####.#
.........#.# .#
..)....>#.# g#
........#.# .#
........#.. .#
#.........# .#
........... ..


You could see 2 gnolls.

Vanquished Creatures
  An adder (D:2)
  5 ball pythons
  An endoplasm (D:2)
  A giant cockroach (D:1)
  2 goblins
  3 hobgoblins (D:2)
  A kobold (D:2)
  2 quokkas (D:1)
  2 frilled lizards (D:1)
  A rat (D:1)
19 creatures vanquished.

Notes
Turn   | Place    | Note
-------+----------+-------------------------------------------
     0 | D:1      | jpeg9000 the Draconian Air Elementalist began the quest for
                  | the Orb.
     0 | D:1      | Reached XP level 1. HP: 14/14 MP: 3/3
   416 | D:1      | Reached XP level 2. HP: 11/20 MP: 5/5
   706 | D:2      | Reached XP level 3. HP: 6/27 MP: 2/6
   716 | D:2      | Slain by a gnoll

Illustrated notes

Levels and vault maps discovered:
D:1:      psy_arrival_fountain, layout_basic
D:2:      minmay_evil_eye, layout_rooms, serial_shops, nicolae_shop_mannequins

Action                     || total
---------------------------++-------
  Melee: Dagger            ||    65
         Unarmed           ||    10
         Tailslap          ||     4
   Cast: Shock             ||    15
    Use: Potion            ||     2
 Armour: Skin              ||    31
  Dodge: Dodged            ||    77
